 Dungeon Crawl Stone Soup version 0.32-a0-450-g080537f31e (webtiles) character file.

Game seed: 15612387012300950641

41 jasper the Chopper (level 3, 0/24 HPs)
             Began as a Formicid Warper on Feb 23, 2024.
             Was an Initiate of Makhleb.
             Killed from afar by Sigmund (7 damage)
             ... with a puff of flame
             ... on level 2 of the Dungeon.
             The game lasted 00:02:20 (1172 turns).

jasper the Chopper (Formicid Warper)                Turns: 1172, Time: 00:02:20

Health: 0/24       AC:  4    Str: 17    XL:     3   Next: 75%
Magic:  6/6        EV: 11    Int: 12    God:    Makhleb [......]
Gold:   40         SH:  0    Dex: 13    Spells: 6/6 levels left

rFire   . . .        a - +0 hand axe
rCold   . . .        (no shield)
rNeg    . . .        b - +0 leather armour
rPois   .            (helmet unavailable)
rElec   .            (no cloak)
rCorr   .            f - +0 pair of gloves
SInv    +            (no boots)
Will    .....        (no amulet)
Stlth   +            (no ring)
HPRegen 0.24/turn    (no ring)
MPRegen 0.10/turn

%: no passive effects
@: no status effects
A: permanent stasis, dig shafts and tunnels, antennae 3, four strong arms, claws
1, frail 1, no potion heal 1
a: Dig, Shaft Self, Renounce Religion


You were on level 2 of the Dungeon.
You worshipped Makhleb.
Makhleb was noncommittal.
You visited 1 branch of the dungeon, and saw 2 of its levels.

You collected 40 gold pieces.

Inventory:

Hand Weapons
 a - a +0 hand axe (weapon)
Missiles
 c - 6 darts of dispersal (quivered)
 h - 6 stones
Armour
 b - a +0 leather armour (worn)
 f - a +0 pair of gloves (worn)
Scrolls
 d - a scroll of revelation {unknown}
 e - 2 scrolls of fear
 g - 4 scrolls of identify {unknown}
 j - 4 scrolls of amnesia {unknown}
 l - a scroll of brand weapon {unknown}


   Skills:
 - Level 2.1 Fighting
 * Level 3.8 Axes
 - Level 1.0 Throwing
 - Level 1.1 Armour
 - Level 1.7 Dodging
 - Level 2.1 Spellcasting
 - Level 2.6 Translocations


You had 6 spell levels left.
You didn't know any spells.
Your spell library contained the following spells:

 Spells                   Type           Power      Damage    Failure   Level
 Lesser Beckoning         Tloc           14%        N/A       16%         2
 Gell's Gravitas          Tloc           7%         N/A       32%         3
 Teleport Other           Tloc           7%         N/A       32%         3
 Manifold Assault         Tloc           7%         N/A       71%         4
 Blink                    Tloc           Unusable   N/A       N/A         2
 Vhi's Electric Charge    Tloc/Air       Unusable   N/A       N/A         4

Dungeon Overview and Level Annotations

Branches:
Dungeon (2/15)

Altars:
Makhleb

Annotations:
D:2 Sigmund


Innate Abilities, Weirdness & Mutations

You cannot be hasted, slowed, berserked, paralysed or teleported.
You can dig through walls and to a lower floor.
You have a pair of large antennae on your head. (SInv)
Your four strong arms can wield two-handed weapons with a shield.
You have sharp fingernails.
You are frail. (-10% HP)
Potions are less effective at restoring your health.


Message History

You kill the rat!
Makhleb accepts your kill.
You swing at nothing.
Something hits you but does no damage.
You swing at nothing.
Something hits you.
* * * LOW HITPOINT WARNING * * *
You take 4 damage, and have 10/36 hp.
You cannot move. (Use ctrl+direction or * direction to attack while stationary and confused.)
You swing at nothing.
Something hits you!
* * * LOW HITPOINT WARNING * * *
You take 9 damage, and have 1/36 hp.
MASSIVE DAMAGE!!
You swing at nothing.
You feel less confused.
You aren't carrying any potions.
As you read the scroll labelled PUUBIU FUNN, it crumbles to dust.
You assume a fearsome visage.
It was a scroll of fear.
There is a strange disturbance nearby!
Sigmund appears from thin air!
Reactivating autopickup.
Sigmund gestures wildly while chanting.
Sigmund flickers and vanishes!
Deactivating autopickup; reactivate with Ctrl-A.
You start resting.
Your transformation is almost over.
Something tries to affect you, but you resist.
You start resting.
Something hits you but does no damage.
You regained 2 hp, and now have 7/36 hp.
As you read the scroll of fear, it crumbles to dust.
You assume a fearsome visage.
You start resting.
You feel less wooden.
Your +0 pair of gloves unmelds from your body.
Your +0 leather armour unmelds from your body.
You now have 5/24 hp.
You see here a rat corpse.
Sigmund pleads, "Please!
I have a lot of children!"
Sigmund gestures at you while chanting. The puff of flame hits you!
You die...
Sigmund begins carving another notch in his scythe.

######
#......######
........#...
..........#
........@#
.........#
.........#
.........#
..##(.......##
#............#
#...........##
#...@.......#
#........†.##
..


You could see Sigmund (invisible).

Vanquished Creatures
  2 dart slugs (D:1)
  5 ball pythons
  4 endoplasms (D:2)
  2 giant cockroaches
  4 goblins (D:1)
  3 hobgoblins (D:1)
  2 quokkas
  4 bats
  A frilled lizard (D:1)
  2 kobolds (D:1)
  5 rats
34 creatures vanquished.

Notes
Turn   | Place    | Note
-------+----------+-------------------------------------------
     0 | D:1      | jasper the Formicid Warper began the quest for the Orb.
     0 | D:1      | Reached XP level 1. HP: 16/16 MP: 3/3
   125 | D:1      | Reached XP level 2. HP: 20/22 MP: 5/5
   350 | D:1      | Reached skill level 3 in Axes
   446 | D:1      | Reached XP level 3. HP: 22/27 MP: 6/6
   844 | D:2      | Found a burning altar of Makhleb.
   862 | D:2      | Became a worshipper of Makhleb the Destroyer
   886 | D:2      | Found a faded altar of an unknown god.
  1083 | D:2      | Found the +5 woodcutter's axe
  1109 | D:2      | Noticed Sigmund
  1118 | D:2      | Gained mutation: You have sharp fingernails. [potion of
                  | mutation]
  1118 | D:2      | Gained mutation: Potions are less effective at restoring
                  | your health. [potion of mutation]
  1118 | D:2      | Gained mutation: You are frail. (-10% HP) [potion of
                  | mutation]
  1141 | D:2      | HP: 1/36 [something (9)]
  1172 | D:2      | Killed from afar by Sigmund

Illustrated notes

Levels and vault maps discovered:
D:1:      minmay_arrival_nine_rooms, layout_basic
D:2:      layout_rooms, serial_curves, eino_curves_03, eino_curves_03,
          eino_curves_03, basic_altar, ebering_ecumenical_altar_rust,
          uniq_sigmund

Skill      XL: |  1  2 |
---------------+-------+-----
Axes           | 3 |  3.8
Fighting       | |  2.1
Throwing       | |  1.0
Armour         | |  1.1
Dodging        | |  1.7
Spellcasting   | |  2.1
Translocations | |  2.6

Action                     || total
---------------------------++-------
  Melee: Hand axe          ||    91
  Throw: Dart              ||     1
    Use: Scroll            ||     2
         Potion            ||     2
 Armour: Leather armour    ||    78
         Skin              ||    17
  Dodge: Dodged            ||    70

Table legend: (Time is in decaauts)
 A = Elapsed time spent in this place.
 B = Non-inter-level travel time spent in this place.
 C = Inter-level travel time spent in this place.
 D = Time resting spent in this place.
 E = Time spent auto-exploring this place.
 F = Levels seen in this place.
 G = Mean time per level.
                   A        B        C        D        E       F      G
               +--------+--------+--------+--------+--------+-----+--------+
         Total |   1188 |   1122 |     66 |     31 |    773 |   2 |  594.0 |
       Dungeon |   1188 |   1122 |     66 |     31 |    773 |   2 |  594.0 |
               +--------+--------+--------+--------+--------+-----+--------+

Top non-repeatable levels by time:
     D:1: 792 daAuts
     D:2: 395 daAuts
